Map: Torches LE

Players

JohnnyBoy

  • Race: Zerg Zerg
  • League: Gold
  • Spawn Location: 1:00

Millifrill - Winner!

  • Race: Zerg Zerg
  • League: Silver
  • Spawn Location: 5:00

VOD

Have the link to the VOD?

Description

Time

  • Played on: Aug. 5, 2025, 9:21 a.m.
  • Length: 3:49
Show
View Real Time Build Order
Export as new Build Order

JohnnyBoy Zerg 

Build Orders: 1 Base Baneling Bust, Pool Only 

Get SALT Encoding   

  12  0:03  Extractor  
  11  0:16  Overlord  
  11  0:17  Drone  
  12  0:22  Drone  
  13  0:50  Spawning Pool  
  13  0:54  Drone  
  13  0:59  Drone  
  14  1:06  Drone  
  15  1:12  Drone  
  16  1:19  Drone  
  17  1:41  Metabolic Boost  
  17  1:42  Baneling Nest  
  17  1:43  Drone  
  17  1:46  Zergling x2  
  18  1:58  Zergling x2  
  18  1:59  Zergling x2  
  20  2:10  Zergling x2  
  21  2:22  Zergling x2  
  19  2:53  Overlord x2  
  19  3:04  Spine Crawler  
  18  3:11  Queen  
  19  3:14  Zergling x4  
  19  3:16  Zergling x2  
  22  3:28  Zergling x2  
  22  3:36  Spawning Pool  
Show
View Real Time Build Order
Export as new Build Order

Millifrill Zerg - Winner!

Build Orders: Pool First 

Get SALT Encoding   

  12  0:11  Drone  
  13  0:14  Extractor, Drone  
  13  0:20  Extractor, Drone  
  15  0:32  Spawning Pool  
  14  0:39  Extractor  
  14  0:40  Drone  
  15  1:03  Hatchery  
  14  1:08  Extractor, Drone  
  15  1:15  Overlord  
  15  1:26  Extractor  
  14  1:34  Zergling x6  
  14  1:38  Queen  
  19  1:46  Overlord  
  19  1:56  Zergling x2  
  20  2:07  Zergling x2  
  21  2:20  Zergling x2  
  21  2:21  Zergling x2  
  23  2:28  Lair  
  23  2:33  Zergling x4  
  22  2:46  Zergling x4  
  24  3:01  Zergling x2  
  24  3:02  Zergling x6  
  28  3:18  Zergling x2  
  28  3:19  Zergling x2  
Tags
 
Add a new tag
Caveats
  • Supply blocks, unpowered buildings, or Contaminate may cause inaccurate times.
  • Supply counts are checked every 10 seconds.